Cogmind - Beta 16 --- EXPLORER MODE // 2025.11.27 @ 10:19:33 Player: K.K.Y. Result: Destroyed by H-66 Slayer with Gauss Rifle Performance ------------- Evolutions (5) 2500 Regions Visited (6) 1200 Robots Destroyed (103) 515 Value Destroyed (3901) 3901 Prototype IDs (16) 320 Alien Tech Used (0) 0 Bonus (0) 0 TOTAL SCORE: 8436 Bonus ------- None Cogmind --------- Core Integrity 0/1000 Matter 225/300 Energy 85/160 System Corruption 5% Temperature Cool (0) Movement Core (300) Ox5 Location -5/Factory Parts ------- > --- POWER (2) -------- Light Fission Core > --- PROPULSION (4) --- (None) > --- UTILITY (8) ------ Machine Analyzer Hacking Suite > --- WEAPON (4) ------- Long-range Proton Cannon > --- INVENTORY (5) ---- Humpback Humpback Peak State ------------ > --- POWER ------------ Fission Core Reinforced Fission Core > --- PROPULSION ------- Thunder Leg Thunder Leg Cargo Legs > --- UTILITY ---------- Advanced Heat Sink Improved Cooling System Large Storage Unit Machine Analyzer Advanced Signal Interpreter Improved Kinecellerator Improved Transmission Jammer Core Shielding Makeshift Light Armor Plating Advanced System Restoration Module > --- WEAPON ----------- Neutron Cannon Improved KE Penetrator Improved Remote Datajack Thunder Hammer > --- INVENTORY -------- Improved Titanium Leg Thunder Leg Scrap Suit Humpback Humpback Makeshift Light Armor Plating Tesla Rifle Proton Cannon Advanced Plasma Cannon Magnetic Acceleration Cannon Enhanced Gauss Cannon Thunder Hammer [Rating: 113] Favorites ----------- Power Ion Engine Engine Ion Engine Power Core Light Nuclear Core Propulsion Aluminum Leg Leg Aluminum Leg Flight Unit Field Propulsion Drive Utility Large Storage Unit Device Splice Drone Bay Storage Large Storage Unit Processor Advanced Signal Interpreter Hackware Hacking Suite Protection Makeshift Light Armor Plating Weapon Slug Cannon Energy Gun Medium Laser Energy Cannon Advanced Plasma Cannon Ballistic Gun Assault Rifle Ballistic Cannon Slug Cannon Launcher Heavy Shock Bomb Launcher Special Weapon Improved Remote Datajack Impact Weapon Heavy Mace Slashing Weapon Makeshift Axe Piercing Weapon Makeshift Spear Build | -11 -10 -10 -10 -7 -7 -5 ------- Run | Yrd Mat Min Sub Rec Scr Fac Slots Evolved 11 | . 1 . . . . 10 Power 1 | . . . . . . 1 Propulsion 2 | . 1 . . . . 1 Utility 6 | . . . . . . 6 Weapon 2 | . . . . . . 2 Parts Attached 87 | 7 3 . 15 4 3 55 Power 13 | 1 . . 2 1 1 8 Engine 5 | 1 . . 2 . 1 1 Core 8 | . . . . 1 . 7 Reactor . | . . . . . . . Propulsion 18 | 2 2 . 3 2 . 9 Treads . | . . . . . . . Leg 15 | 2 2 . 3 2 . 6 Wheel . | . . . . . . . Hover . | . . . . . . . Flight 3 | . . . . . . 3 Utility 29 | 2 1 . 3 . 2 21 Device 16 | . . . 1 . . 15 Storage 2 | 1 1 . . . . . Processor 3 | . . . . . 1 2 Hackware 1 | . . . . . . 1 Protection 7 | 1 . . 2 . 1 3 Artifact . | . . . . . . . Weapon 27 | 2 . . 7 1 . 17 Energy Gun 2 | 1 . . . . . 1 Energy Cannon 8 | . . . 1 . . 7 Ballistic Gun 3 | 1 . . 1 . . 1 Ballistic Cannon 5 | . . . 2 . . 3 Launcher 1 | . . . . . . 1 Special Weapon 2 | . . . . . . 2 Impact Weapon 4 | . . . 1 1 . 2 Slashing Weapon 1 | . . . 1 . . . Piercing Weapon 1 | . . . 1 . . . Special Melee Weapon . | . . . . . . . Unidentified Prototypes 4 | . . . 1 . . 3 Corrupted Parts 1 | . . . . . . 1 System Corruption 2 | . . . . . . 2 Parts Lost 45 | . . . 6 . . 39 Power 7 | . . . 2 . . 5 Propulsion 12 | . . . 3 . . 9 Utility 15 | . . . . . . 15 Weapon 11 | . . . 1 . . 10 Highest Loss Streak 17 | . . . 3 . . 17 To Critical Strikes 2 | . . . . . . 2 Average Backups 10 | 1 8 13 12 11 11 10 Power . | . 1 2 1 . . . Propulsion . | . 2 2 . . 1 1 Utility 6 | . 2 5 7 8 7 4 Weapon 3 | . 2 4 3 2 3 4 Tool/Special . | . . . . . . . Unused Backups 19 | . 3 . 5 . 3 8 Power . | . . . . . . . Propulsion 3 | . 3 . . . . . Utility 7 | . . . 1 . 2 4 Weapon 9 | . . . 4 . 1 4 Tool/Special . | . . . . . . . Average Slot Usage (%) 88 | . 99 100 90 89 89 75 Engine 5 | . 12 12 9 . 2 . Core 3 | . . . . 9 8 7 Leg 22 | . 36 37 24 19 20 12 Device 6 | . . . 6 10 3 11 Storage 9 | . 12 12 10 10 10 4 Processor 3 | . . . . . 6 10 Protection 15 | . 12 12 17 20 20 9 Energy Gun 2 | . 12 12 2 . . . Ballistic Gun 5 | . 12 12 9 . . 2 Ballistic Cannon 3 | . . . 1 10 10 3 Impact Weapon 3 | . . . 2 8 10 4 Slashing Weapon 1 | . . . 4 1 . . Peak Build Rating 113 | 7 9 11 42 47 46 113 Average Rating 41 | 3 8 10 30 46 45 75 On Entrance 22 | . 7 9 11 41 46 45 Avg Prop Armor Cover (%) . | . . . . . . . Naked Turns . | . . . . . . . Heaviest Build 92 | 20 30 30 48 48 48 92 Greatest Support 101 | 20 30 30 65 75 75 101 Greatest Overweight (x) 3 | 1 . . 2 . . 3 Average Overweight (x) . | . . . . . . . Largest Inventory Capacity 15 | 10 15 15 15 15 15 15 Average Capacity 14 | 7 11 15 15 15 15 13 Most Carried 15 | 5 12 15 15 15 15 15 Average Carried 13 | 2 8 14 14 14 14 13 Final Capacity 15 | 10 15 15 15 15 15 5 Final Carried 15 | . 12 15 15 15 15 4 Class Distribution -------------------- 83% | Hacker-Mutant 11% | Hacker-Tank Dominant Class ---------------- Hacker-Mutant | -10/Materials Hacker-Mutant | -10/Mines Hacker-Mutant | -10/Subcaves Hacker-Mutant | -7/Recycling Hacker-Mutant | -7/Scraptown Hacker-Tank | -5/Factory Resources | -11 -10 -10 -10 -7 -7 -5 ----------- Run | Yrd Mat Min Sub Rec Scr Fac Matter Collected 2533 | 91 322 . 663 91 119 1247 Remotely 101 | . . . . . . 101 Salvage Created 3922 | . 514 . 822 64 . 2522 Parts 189 | . 35 . 43 . . 111 Haulers Intercepted 5 | . 2 . . . . 3 Recyclers Shooed 5 | . . . . . . 5 Parts Field Recycled . | . . . . . . . Retrieved Matter . | . . . . . . . Parts Self-Destructed . | . . . . . . . Prevented . | . . . . . . . Parts Restored . | . . . . . . . Kills | -11 -10 -10 -10 -7 -7 -5 ------- Run | Yrd Mat Min Sub Rec Scr Fac Combat Hostiles Destroyed 75 | . 6 . 24 3 . 42 Melee 9 | . . . 5 . . 4 Guns 29 | . 6 . 16 . . 7 Cannons 21 | . . . 3 2 . 16 AOE 7 | . . . . 1 . 6 Classes Destroyed 18 | . 5 . 4 . . 9 Worker 2 | . . . . . . 2 Builder 10 | . 2 . . . . 8 Tunneler 2 | . 2 . . . . . Hauler 5 | . 2 . . . . 3 Recycler 2 | . . . . . . 2 Operator 1 | . . . . . . 1 Turret 2 | . . . 2 . . . Watcher 4 | . 3 . . . . 1 Swarmer 12 | . . . 4 . . 8 Grunt 23 | . 6 . 2 . . 15 Brawler 2 | . . . . . . 2 Duelist 2 | . . . . . . 2 Sentry 5 | . . . 1 3 . 1 Specialist 2 | . . . . . . 2 Hunter 5 | . . . . . . 5 Programmer 6 | . . . . . . 6 Behemoth 1 | . . . . . . 1 Subdweller 17 | . . . 17 . . . Best Kill Streak 8 | . 4 . 4 1 . 8 Combat Bots Only 4 | . 3 . 4 1 . 4 Max Kills in Single Turn 5 | . 2 . 1 1 . 5 Gunslinging . | . . . . . . . Exploded 3 | . . . . 1 . 3 Melee 1 | . . . 1 . . 1 Uniques/NPCs Destroyed . | . . . . . . . Combat | -11 -10 -10 -10 -7 -7 -5 -------- Run | Yrd Mat Min Sub Rec Scr Fac Hostile Shots Fired 974 | . 36 . 176 90 . 672 Missed 298 | . 12 . 66 36 . 184 Hits 676 | . 24 . 110 54 . 488 Melee 10 | . . . . . . 10 Projectile 666 | . 24 . 110 54 . 478 AOE 2 | . . . 2 . . . Critical Strikes 27 | . . . 2 . . 25 Actively Blocked 3 | . . . 2 . . 1 Part Disruptions 4 | . . . . . . 4 Damage Taken 8071 | . 222 . 1303 275 . 6271 Core 1247 | . 54 . 158 33 . 1002 Absorbed by Shields 156 | . . . . . . 156 Redirected to Shielding 45 | . 2 . 33 1 . 9 Ignored by Resistances 4938 | . 133 . 727 193 . 3885 Core Remaining (%) 51 | 100 . . . . 2 . Volleys Fired 317 | . 39 . 92 19 . 167 Largest 3 | . 2 . 2 1 . 3 Hottest 226 | . 70 . 70 40 . 226 Shots Fired 473 | . 79 . 131 19 . 244 Gun 263 | . 79 . 102 . . 82 Cannon 208 | . . . 29 19 . 160 Launcher 1 | . . . . . . 1 Special 1 | . . . . . . 1 Kinetic 316 | . 40 . 98 19 . 159 Thermal 126 | . 39 . 33 . . 54 Explosive . | . . . . . . . Electromagnetic 30 | . . . . . . 30 Robot Hit Streak 35 | . 21 . 35 13 . 31 Robot Miss Streak 3 | . 3 . 2 1 . 3 Penetration Max 1 | . . . . . . 1 Secondary Targets 1 | . 1 . . . . . Max Gunslinging Chain 1 | . 1 . . . . . Shots Hit Robots 448 | . 59 . 130 17 . 242 Core Hits 175 | . 26 . 54 5 . 90 Critical Kills 4 | . . . . . . 4 Critical Parts Destroyed 14 | . . . 1 2 . 11 Critical Strikes 32 | . 4 . 5 2 . 21 Burn 7 | . 4 . 3 . . . Destroy 12 | . . . . 2 . 10 Blast 4 | . . . . . . 4 Smash 8 | . . . 1 . . 7 Impale 1 | . . . 1 . . . Melee Attacks 67 | . . . 32 . . 35 Impact 41 | . . . 6 . . 35 Slashing 19 | . . . 19 . . . Piercing 7 | . . . 7 . . . Sneak Attacks 3 | . . . 2 . . 1 Combat Hostiles . | . . . . . . . Follow-up Attacks . | . . . . . . . Damage Inflicted 13664 | . 778 . 2750 543 . 9593 Guns 4219 | . 752 . 1410 . . 2057 Cannons 5161 | . . . 379 543 . 4239 Explosions 1514 | . . . . . . 1514 Melee 2742 | . . . 961 . . 1781 Ramming 28 | . 26 . . . . 2 Kinetic 6262 | . 310 . 1438 543 . 3971 Thermal 3850 | . 442 . 351 . . 3057 Explosive 13 | . . . . . . 13 Electromagnetic 769 | . . . . . . 769 Impact 1940 | . . . 159 . . 1781 Slashing 581 | . . . 581 . . . Piercing 221 | . . . 221 . . . Highest Corruption 5 | . 3 3 3 3 . 5 Average Corruption 2 | . 2 3 3 3 . 1 Corruption Purged 5 | . . . . . . 5 Corruption Blocked . | . . . . . . . Effects 110 | . 9 6 64 16 . 15 Message Errors 18 | . 1 1 12 2 . 2 Matter Fused 22 | . 1 . 14 3 . 4 Heat Flow Errors 19 | . 3 3 8 2 . 3 Energy Discharges 9 | . 1 . 6 1 . 1 Parts Rejected 2 | . . . . . . 2 Parts Fused 1 | . . . 1 . . . Data Loss (minor) 18 | . 1 2 10 4 . 1 Data Loss (major) 7 | . 1 . 4 1 . 1 Misfires 8 | . 1 . 6 1 . . Alerts 3 | . . . 2 1 . . Weapon Failures 3 | . . . 1 1 . 1 Overload Shots . | . . . . . . . Overflow Damage 968 | . . . 38 . . 930 Projectiles 92 | . . . . . . 92 Explosions 260 | . . . . . . 260 Melee 616 | . . . 38 . . 578 Knockbacks 26 | . . . 6 . . 20 Impact 4 | . . . . . . 4 Kinetic 21 | . . . 6 . . 15 Secondary 1 | . . . . . . 1 Self-Inflicted Damage 351 | . . . . . . 351 Shots 9 | . . . . . . 9 Rammed 1 | . . . . . . 1 Targets Rammed 3 | . 2 . . . . 1 Kicked 2 | . 2 . . . . . Crushed . | . . . . . . . Highest Temperature 335 | . 303 237 223 335 . 312 Average Temperature 101 | . 109 95 94 96 . 97 Received Heat Transfer 2538 | . 210 . 758 102 . 1468 Effects 3 | . . . . 1 . 2 Shutdowns 1 | . . . . . . 1 Energy Bleed 1 | . . . . 1 . . Damage (minor) 1 | . . . . . . 1 Siege Activations . | . . . . . . . Martial Activations . | . . . . . . . Shielding Activations . | . . . . . . . Robots Disrupted 1 | . . . . . . 1 Combat Hostiles 1 | . . . . . . 1 Robots Corrupted 9 | . . . . . . 9 Combat Hostiles 9 | . . . . . . 9 Parts Fried 9 | . . . . . . 9 Impact Corruptions 21 | . . . 1 . . 20 Robots Melted . | . . . . . . . Combat Hostiles . | . . . . . . . Parts Melted 9 | . 6 . 2 . . 1 Heat Transferred 4449 | . 1591 . 1258 . . 1600 Parts Sabotaged . | . . . . . . . Parts Stolen . | . . . . . . . Parts Stripped . | . . . . . . . Power Chain Reactions 4 | . . . . . . 4 Alert | -11 -10 -10 -10 -7 -7 -5 ------- Run | Yrd Mat Min Sub Rec Scr Fac Maximum Alert Level 1 | . . . . . . 1 Low Security (%) 93 | 100 100 100 . 100 . 86 Level 1 6 | . . . . . . 13 Level 2 . | . . . . . . . Level 3 . | . . . . . . . Level 4 . | . . . . . . . Level 5 . | . . . . . . . High Security . | . . . . . . . Max Security . | . . . . . . . Peak Influence 271 | . 62 . . 22 . 271 Initial . | . . . . . . . Average 49 | . 5 . . 1 . 101 Influence Increases 2328 | . 224 . 250 65 . 1789 Destroy 0b10 Robot/C 1200 | . 120 . 180 60 . 840 Destroy 0b10 Robot/NC 130 | . 45 . . . . 85 Destroy Leader 228 | . 40 . 10 . . 178 Allied During Kill 1 | . . . . 1 . . Trap Triggered on 0b10 10 | . 10 . . . . . Successful Hack 43 | . 9 . . . . 34 Disable Machine 52 | . . . . . . 52 Destroy Structure 364 | . . . . 4 . 360 Partial Spotted 15 | . . . . . . 15 Lose Combat Pursuer 285 | . . . 60 . . 225 Influence Decreases 2228 | . 224 . 250 65 . 1689 Time Decay 1838 | . 224 . 250 65 . 1299 Lost Part 390 | . . . . . . 390 Squads Dispatched 13 | . . . . . . 13 Investigation 1 | . . . . . . 1 Extermination 4 | . . . . . . 4 Reinforcement 7 | . . . . . . 7 Assault . | . . . . . . . Garrison 1 | . . . . . . 1 Intercept . | . . . . . . . Searches Triggered . | . . . . . . . Construction Impeded 2 | . . . . . . 2 Haulers Reinforced 1 | . . . . . . 1 Active Scanning Responses . | . . . . . . . Cargo Convoy Interrupts 1 | . . . . . . 1 Stealth | -11 -10 -10 -10 -7 -7 -5 --------- Run | Yrd Mat Min Sub Rec Scr Fac Distress Signals 4 | . 1 . . . . 3 Communications Jammed 57 | . . . . . . 57 Distress Signals 53 | . . . . . . 53 Times Spotted 118 | . 10 . 26 4 . 78 Peak Tracking Total 9 | . 3 . 4 2 . 9 Tactical Retreats 12 | . . . 3 . . 9 Traps | -11 -10 -10 -10 -7 -7 -5 ------- Run | Yrd Mat Min Sub Rec Scr Fac Traps Triggered 8 | . 6 . 2 . . . Indirectly . | . . . . . . . Trap Hack Attempts . | . . . . . . . Triggered . | . . . . . . . Disarmed . | . . . . . . . Reprogrammed 6 | . 6 . . . . . Reused 1 | . 1 . . . . . Traps Extracted . | . . . . . . . Installed . | . . . . . . . Triggered 1 | . 1 . . . . . Machines | -11 -10 -10 -10 -7 -7 -5 ---------- Run | Yrd Mat Min Sub Rec Scr Fac Machines Disabled 15 | . . . 2 . . 13 Max in Single Turn 4 | . . . 1 . . 4 Garrison Access 1 | . . . . . . 1 Machines Repaired . | . . . . . . . Machines Dismantled . | . . . . . . . Machines Sabotaged . | . . . . . . . Overloaded Fab Kills . | . . . . . . . Hacking | -11 -10 -10 -10 -7 -7 -5 --------- Run | Yrd Mat Min Sub Rec Scr Fac Machines Accessed 15 | . 9 1 2 . . 3 Terminals 9 | . 8 . . . . 1 Fabricators . | . . . . . . . Repair Stations . | . . . . . . . Recycling Units 1 | . 1 . . . . . Scanalyzers 1 | . . . . . . 1 Garrison Access 1 | . . . . . . 1 Total Hacks 32 | . 20 1 5 . . 6 Successful 24 | . 14 1 5 . . 4 Failed 8 | . 6 . . . . 2 Catastrophic . | . . . . . . . Database Lockouts . | . . . . . . . Manual 18 | . 15 . . . . 3 Terminals 22 | . 19 . . . . 3 Fabricators . | . . . . . . . Repair Stations . | . . . . . . . Recycling Units 1 | . 1 . . . . . Scanalyzers 2 | . . . . . . 2 Garrison Access 1 | . . . . . . 1 Terminal Hacks 12 | . 5 1 5 . . 1 Record 4 | . . . 4 . . . Open Door 1 | . . 1 . . . . Reprogram Traps 1 | . 1 . . . . . Zone Layout 5 | . 4 . . . . 1 Proto ID Catalog 1 | . . . 1 . . . Fabricator Hacks . | . . . . . . . Repair Station Hacks . | . . . . . . . Recycling Unit Hacks 1 | . 1 . . . . . Retrieve Components 1 | . 1 . . . . . Scanalyzer 2 | . . . . . . 2 Retrieve Study 2 | . . . . . . 2 Garrison Access Hacks 1 | . . . . . . 1 Seal Access 1 | . . . . . . 1 Unauthorized Hacks 8 | . 8 . . . . . Terminals 8 | . 8 . . . . . Botnet 8 | . 8 . . . . . Fabricators . | . . . . . . . Repair Stations . | . . . . . . . Recycling Units . | . . . . . . . Scanalyzers . | . . . . . . . Garrison Access . | . . . . . . . Data Cores Recovered . | . . . . . . . Used . | . . . . . . . Hacking Detections 6 | . 4 . . . . 2 Full Trace Events . | . . . . . . . Feedback Events . | . . . . . . . Feedback Blocked . | . . . . . . . Robot Schematics Acquired . | . . . . . . . Robots Built . | . . . . . . . Authchips . | . . . . . . . Time . | . . . . . . . Total Robot Build Rating . | . . . . . . . Part Schematics Acquired . | . . . . . . . Parts Built . | . . . . . . . Authchips . | . . . . . . . Time . | . . . . . . . Total Part Build Rating . | . . . . . . . Part Studies Acquired 2 | . . . . . . 2 Parts Repaired . | . . . . . . . Time . | . . . . . . . Parts Recycled . | . . . . . . . Recycled Matter . | . . . . . . . Retrieved Matter . | . . . . . . . Retrieved Components . | . . . . . . . Parts Scanalyzed . | . . . . . . . Part Schematics Acquired . | . . . . . . . Parts Damaged . | . . . . . . . Bothacking | -11 -10 -10 -10 -7 -7 -5 ------------ Run | Yrd Mat Min Sub Rec Scr Fac Used RIF Installer . | . . . . . . . Robots Hacked 1 | . . . . . . 1 Non-combat 1 | . . . . . . 1 Combat . | . . . . . . . Robot Hacks Applied 1 | . . . . . . 1 no_distress 1 | . . . . . . 1 Relay Couplers Released . | . . . . . . . Fabnet Peak Effective % . | . . . . . . . Robots Rewired . | . . . . . . . Allies Hacked . | . . . . . . . Hacks Repelled . | . . . . . . . Allies | -11 -10 -10 -10 -7 -7 -5 -------- Run | Yrd Mat Min Sub Rec Scr Fac Total Allies . | . . . . . . . Largest Group . | . . . . . . . Highest-Rated Group . | . . . . . . . Highest-Rated Ally . | . . . . . . . Total Orders . | . . . . . . . Ally Attacks 3 | . . . . 3 . . Total Damage 14 | . . . . 14 . . Kills . | . . . . . . . Allies Corrupted . | . . . . . . . Allies Melted . | . . . . . . . Intel | -11 -10 -10 -10 -7 -7 -5 ------- Run | Yrd Mat Min Sub Rec Scr Fac Active Infowar (turns) 2235 | . . . . . . 2235 Terrain 865 | . . . . . . 865 Machine Analysis 2235 | . . . . . . 2235 Jamming 584 | . . . . . . 584 Robot Analysis Total . | . . . . . . . Derelict Logs Recovered 4 | . . 1 2 . 1 . Drone Launches 6 | . . . . 6 . . Drone Recoveries . | . . . . . . . Exploration | -11 -10 -10 -10 -7 -7 -5 ------------- Run | Yrd Mat Min Sub Rec Scr Fac Turns Passed 9072 | 54 1117 291 3340 988 1046 2236 Spaces Moved 6004 | 45 804 210 2289 693 797 1166 Core 115 | 30 . . . . . 85 Treads . | . . . . . . . Legs 5702 | 15 804 210 2289 693 797 894 Wheels . | . . . . . . . Hover . | . . . . . . . Flight 187 | . . . . . . 187 Fastest Speed 39 | 50 120 120 120 110 130 39 Average Speed 123 | 84 120 120 127 129 130 110 Slowest Speed 340 | 120 120 120 260 130 130 340 Overloaded Moves . | . . . . . . . Propulsion Burnouts . | . . . . . . . Robots Hopped . | . . . . . . . Potential Cave-ins 1 | . . . . . . 1 Cave-ins Triggered . | . . . . . . . Exploration Rate (%) 63 | 4 96 61 97 99 54 31 Regions Visited 6 Branch Regions 4 Pre-discovered Areas 2 | . . . 1 . 1 . Known Exits Taken 6 | 1 1 1 1 1 1 . Unknown Exits Taken . | . . . . . . . Scrap Searched 18 | . . . 15 . 3 . Spaces Dug . | . . . . . . . Terrain Destroyed 191 | . . . 1 4 . 186 Melee . | . . . . . . . Projectile 33 | . . . 1 4 . 28 AOE 158 | . . . . . . 158 Terrain Rammed . | . . . . . . . Walls Destroyed . | . . . . . . . Machines Disabled . | . . . . . . . Actions | -11 -10 -10 -10 -7 -7 -5 --------- Run | Yrd Mat Min Sub Rec Scr Fac Total 7116 | 60 881 249 2554 761 809 1802 Wait 522 | 4 11 38 103 43 . 323 Move 5998 | 44 803 209 2288 692 796 1166 Hop . | . . . . . . . Pick Up 56 | 5 17 2 10 1 4 17 Fast Attach 45 | 2 . . 5 1 2 35 Attach 32 | 5 1 . 6 . . 20 Detach 3 | . . . 2 . . 1 Swap 20 | . 2 . 5 3 1 9 Drop 53 | . 6 . 11 2 6 28 Fire 317 | . 39 . 92 19 . 167 Melee 67 | . . . 32 . . 35 Ram 1 | . . . . . . 1 Kick 2 | . 2 . . . . . Crush . | . . . . . . . Escape Stasis . | . . . . . . . Rewire . | . . . . . . . Trap . | . . . . . . . Miscellaneous . | . . . . . . . Route ------- -11/Scrapyard -10/Materials (discovered 5 exits: *Mat x3 / *Min / *Sub) -10/Mines (discovered 2 exits: *Mat / *Sub) -10/Subcaves (discovered 3 exits: *Mat x2 / *Rec) -7/Recycling (discovered 2 exits: *Fac / *Scr) -7/Scraptown -5/Factory (discovered 2 exits: *Upp x2) History --------- Turn | Location | Event 3 | -11/Scrapyard | Identified exit to Materials 3 | -11/Scrapyard | Discovered exit to Materials (range 15) 55 | -11/Scrapyard | Entered Materials 55 | -10/Materials | Evolved 1 slot: Propulsion x1 90 | -10/Materials | Identified exit to Mines 90 | -10/Materials | Discovered exit to Mines (range 21) 141 | -10/Materials | Identified exit to Materials 141 | -10/Materials | Discovered exit to Materials (range 15) 309 | -10/Materials | Build established: Hacker-Mutant 619 | -10/Materials | Discovered exit to Materials (range 3) 659 | -10/Materials | Identified exit to Subcaves 659 | -10/Materials | Discovered exit to Subcaves (range 8) 797 | -10/Materials | Discovered exit to Materials (range 5) 1172 | -10/Materials | Entered Mines 1182 | -10/Mines | Found a Scrap Suit stashed away for nefarious purposes 1184 | -10/Mines | Found Scrap Suit 1231 | -10/Mines | YI-UF0 nonchalantly dropped a Grenade Launcher on the ground 1258 | -10/Mines | Found the Drone Emporium 1273 | -10/Mines | Found Prototype Device 1324 | -10/Mines | Discovered exit to Materials (range 11) 1334 | -10/Mines | Assembled infested the area 1457 | -10/Mines | Discovered exit to Subcaves (range 6) 1463 | -10/Mines | Entered Subcaves 1477 | -10/Subcaves | Learned Materials emergency access door positions 1635 | -10/Subcaves | Identified exit to Recycling 1635 | -10/Subcaves | Discovered exit to Recycling (range 16) 1900 | -10/Subcaves | Lost 3 parts (1p2n) 1976 | -10/Subcaves | Shifting Twisted Machinery released Mak. Light Armor Plating 2504 | -10/Subcaves | Disturbed a concealed Subdweller 2648 | -10/Subcaves | Visited 4L-MR0's lab 2673 | -10/Subcaves | Found Cargo Legs 2674 | -10/Subcaves | Attached Cargo Legs, gained temporary slots: Utility x2 2740 | -10/Subcaves | Core integrity fell below 50% 2751 | -10/Subcaves | Identified Splice Drone Bay 2805 | -10/Subcaves | Identified exit to Materials 2805 | -10/Subcaves | Discovered exit to Materials (range 5) 2843 | -10/Subcaves | Visited Clippyterm 2847 | -10/Subcaves | Learned Factory trap positions 2891 | -10/Subcaves | Learned Materials terminal intel 2943 | -10/Subcaves | Discovered exit to Materials (range 11) 3133 | -10/Subcaves | Disturbed a concealed Subdweller 3133 | -10/Subcaves | Disturbed a concealed Subdweller 3139 | -10/Subcaves | Shifting Twisted Machinery released Flamer 3404 | -10/Subcaves | A swath of the cavern ceiling suddenly collapsed 3409 | -10/Subcaves | Shifting Twisted Machinery released Barrage Gun 3425 | -10/Subcaves | Shifting Twisted Machinery released Unknown Engine 3439 | -10/Subcaves | Learned location of Zion (-6) 3439 | -10/Subcaves | Met a Zionite searching for "candidates" 4031 | -10/Subcaves | Core integrity fell below 20% 4803 | -10/Subcaves | Entered Recycling 5291 | -7/Recycling | Identified exit to Factory 5291 | -7/Recycling | Discovered exit to Factory (range 14) 5761 | -7/Recycling | Scanned before Scraplab entrance 5779 | -7/Recycling | Entered Scraplab 5789 | -7/Recycling | Identified exit to Scraptown 5789 | -7/Recycling | Discovered exit to Scraptown (range 2) 5791 | -7/Recycling | Entered Scraptown 5791 | -7/Scraptown | Accompanied by 5 allies 5791 | -7/Scraptown | System corruption cleaned by C-Scrubber 5959 | -7/Scraptown | Visited Symbiants 5977 | -7/Scraptown | Visited SPCMW 5988 | -7/Scraptown | Visited Spacefarers 6048 | -7/Scraptown | Scanned Subdweller tech in exchange for log data 6051 | -7/Scraptown | Learned Factory terminal intel 6068 | -7/Scraptown | Discovered exit to Factory (range 11) 6288 | -7/Scraptown | Learned location of Extension (-6) 6340 | -7/Scraptown | Visited Cyclists 6378 | -7/Scraptown | Visited Comm Corps 6746 | -7/Scraptown | Visited The Evicted 6837 | -7/Scraptown | Entered Factory 6837 | -5/Factory | Evolved 10 slots: Power x1, Propulsion x1, Utility x6, Weapon x2 6838 | -5/Factory | Loaded intel: 93 trap records 6839 | -5/Factory | Loaded intel: 25 terminal locations 6985 | -5/Factory | Identified exit to Upper Caves 6985 | -5/Factory | Discovered exit to Upper Caves (range 15) 7363 | -5/Factory | Build established: Hacker-Tank 7854 | -5/Factory | Spotted B-75 Beast 7879 | -5/Factory | Destroyed B-75 Beast 8099 | -5/Factory | Lost 5 parts (2n1u2w) 8154 | -5/Factory | Garrison activated, responded to threat 8241 | -5/Factory | Lost 5 parts (1p3u1w) 8297 | -5/Factory | Found Hvy. Insulated Plating 8435 | -5/Factory | Cargo convoy interrupted 8834 | -5/Factory | Core integrity fell below 50% 8874 | -5/Factory | Lost 17 parts (2p3n5u7w) 8922 | -5/Factory | Discovered exit to Upper Caves (range 11) 8926 | -5/Factory | Core integrity fell below 20% 9073 | -5/Factory | Destroyed by H-66 Slayer with Gauss Rifle Last Messages --------------- 09053_ Integrated Corrupted Lgt. Fission Core (+2). 09053_ Penetrated by Slug. 09056_ Neutrino Core destroyed. 09056_ Penetrated by Slug. 09060_ Slug penetrates Wall. 09061_ Penetrated by Slug. 09062_ ALERT: Potential suspicious activity detected, Programmers report to Factory Zone 3G. 09063_ Y-64 Sentinel IFF system glitched. 09063_ Slug penetrates H-66 Slayer. 09066_ Y-64 Sentinel misfires. 09066_ Slug penetrates Wall. 09066_ Penetrated by Slug. 09066_ Adv. Shield Generator destroyed. 09069_ Penetrated by Slug. 09069_ Field Propulsion Drive destroyed. 09072_ Slug penetrates Wall. 09073_ Penetrated by Slug. Map ----- +----------------------------------------------------+ | ??????????????????????????? ???####### """ #? | | ??????????????????????????? ???# """ #? | | ??????????????????????????# #??# #? | | ??????????????????????????# #??# ^ """ #? | | ??????????????????????????# #??# ^""" #? | | ??????????????????????????# #??# """ #? | | ??????????????????????????# #??# ##### # | | ??????????????????????????# #??# #???# """ # | | ??????????????????????????# #### #???# """ + | | ??????????????????????????# #???# """ # | | ??????????????????????????# ######???# # | | ??????????????????????????# #????????# ^ #? | | ??????????????????????????# #????????# ^ #? | | ??????????????????????????#=#????????# "" #? | | ??????????????????????????#%#????????# "" #? | | ??????????????????????????# #????????# "T #? | | ??????????????????????????# #????????# "" #? | | ??????????????????????????# #????????# "" #? | | ??????????????????????????# #????????# #? | | ??????????????????????????# #????????# #? | | ??????????????????????????# #????????# ##+#/## | | ??????????????????????????# #????????####### [ | | ??????????????????????????#=#??????????????# | | ?????????????????????????##h#??????????????# = | | ???????????????????????###;Y#####??????????# " | | ???????????????????????#=@]%=[ #??????????# " | | ???????????????????????# =[[= #??????????# | | ???????????????????????# [ #??????????# """ | | ???????????????????????# #??????????# """"" | | ???????????????????????# #??????????# """"" | | ???????????????????????# #??????????# | | ???????????????????????# #??????????# """ | | ???????????????????????# #??????????# """"" | | ???????????????????????# #??????????# """"" | | ???????????????????????##########????????????? | | ???????????????????????????????????????????????? | | ????????????????????????????????????????????????## | | ?????????????????????????????????????????????????? | | ?????????????????????????????????????????????????? | | ?????????????????????????????????????????????????? | | ?????????????????????????????????????????????????? | | ?????????????????????????????????????????????????? | | ?????????????????????????????????????????????????? | | ?????????????????????????????????????????????????? | | ?????????????????????????????????????????????????? | | ?????????????????????????????????????????????????? | | ?????????????????????????????????????????????????? | | ?????????????????????????????????????????????????? | | ?????????????????????????????????????????????????? | | ?????????????????????????????????????????????????? | +----------------------------------------------------+ Best States ------------- Heat Dissipation 113 Energy Generation 33 Energy Capacity 525 Matter Stores 300 Matter Capacity 300 Sight Range 16 Terrain Scan Range 16 Terrain Scan Density 10 Jamming Range 14 Armor Coverage 925 Resistance: KI 55 Resistance: TH 35 Resistance: EX 35 Resistance: EM 65 Resistance: I 35 Resistance: S 35 Resistance: P 35 Core Shielding 20 Utility Shielding 33 Phase Shifting 5 Evasion (%) 75 Kinecelleration 40 Offensive Hacking 30 Item Schematics ----------------- None Robot Schematics ------------------ None Fabricated ------------ Nothing Repaired ---------- Nothing Studied --------- Imp. Carbon-fiber Leg | -5/Factory | Hacked Thunder Leg | -5/Factory | Hacked Alien Tech Used ----------------- None Achievements -------------- None Challenges ------------ None Game ------ Seed MassDataAnalyzer Manual? 0 Play Time 00:57:16 Cumulative 145.6 hours Start 2025.11.27 @ 09:24:52 End 2025.11.27 @ 10:19:33 Sessions 1 Manual Loads 0 Difficulty Explorer Special Mode None Game No. 175 Rogue 0 Adventurer 0 Explorer 175 Win Type - Total 0 Types 0/0/0/0/0/0/0/0/0/0 Lore% 69 Gallery% 66 Achievement% 52 Wizard Run 0 Options --------- Layout 1 ASCII 0 Keyboard 0 Movement Mouse Keybinds 0 Fullscreen 1 Font 24/Smallcaps Map View 50x35 Zoom Use 0% Tactical HUD 1 Map Filters NONE Filters NONE Steam 1 RUN: b2374cab-1d94-42bd-836a-6414178e30f4